 Dungeon Crawl Stone Soup version 0.27.1-33-g824d729ab1 (webtiles) character file.

Game seed: 11024178139303353726

22827 Karpo the Geomancer (level 13, 0/80 HPs)
             Began as a Gargoyle Earth Elementalist on Dec 30, 2021.
             Was an Elder of Vehumet.
             Slain by a hell rat (11 damage)
             ... on level 4 of the Lair of Beasts.
             The game lasted 01:04:33 (22415 turns).

Karpo the Geomancer (Gargoyle Earth Elementalist)  Turns: 22415, Time: 01:04:34

Health: 0/80       AC: 14    Str: 13    XL:     13   Next: 2%
Magic:  24/26      EV: 11    Int: 22    God:    Vehumet [****..]
Gold:   1078       SH:  0    Dex: 10    Spells: 23/31 levels left

rFire    + . .     SeeInvis .   P - +7 executioner's axe "Fito" {drain, Str+2 Stlth+}
rCold    x . .     Faith    .   (shield currently unavailable)
rNeg     + . .     Spirit   .   D - +0 steam dragon scales
rPois    ∞         Reflect  .   (no helmet)
rElec    +         Harm     .   (no cloak)
rCorr    .         Rampage  .   (no gloves)
Will     +....                  (no boots)
Stlth    +++.......             (no amulet)
HPRegen  0.23/turn              a - ring of fire
MPRegen  0.20/turn              N - ring of willpower

@: no status effects
A: sickness immunity, AC +9, negative energy resistance 1, electricity
resistance, torment resistance 1, petrification resistance
a: Renounce Religion


You were on level 4 of the Lair of Beasts.
You worshipped Vehumet.
Vehumet was greatly pleased with you.
You visited 4 branches of the dungeon, and saw 17 of its levels.
You also visited: Sewer.

You collected 1078 gold pieces.

Inventory:

Hand Weapons
 d - a +0 dire flail
 f - a +1 rapier
 s - a +2 trident of protection
 v - a +2 long sword
 w - a +0 flail
 A - a +0 morningstar
 C - the +7 rapier "Ocumel" {venom, rC+ SInv}
   (You found it on level 6 of the Dungeon)

   It poisons the flesh of those it strikes.
   rC:        It protects you from cold.
   SInv:      It lets you see invisible.
 P - the +7 executioner's axe "Fito" (weapon) {drain, Str+2 Stlth+}
   (You found it on level 8 of the Dungeon)

   A truly terrible weapon, it drains the life of any living foe it strikes.
   Str:       It affects your strength (+2).
   Stlth:     It makes you more stealthy.
Missiles
 c - 487 stones
 p - 46 poisoned darts
Armour
 b - a +0 robe
 g - a +0 pair of gloves
 j - a +0 robe of positive energy
 u - a +0 cloak
 D - +0 steam dragon scales (worn)
 H - +0 steam dragon scales
Jewellery
 a - a ring of fire (left hand)
 N - a ring of willpower (right hand)
Wands
 G - a wand of iceblast (7)
 K - a wand of paralysis (1)
 M - a wand of acid (9)
Scrolls
 e - a scroll of vulnerability {unknown}
 i - 3 scrolls of identify
 k - 2 scrolls of fog {unknown}
 m - 3 scrolls of teleportation
 t - 3 scrolls of blinking
 x - a scroll of fear {unknown}
 y - 2 scrolls of amnesia
 z - 3 scrolls of noise
 B - a scroll of magic mapping
 E - a scroll of silence
 F - a scroll of holy word {unknown}
 O - a scroll of enchant armour
Potions
 h - 4 potions of lignification
 l - 13 potions of curing
 n - a potion of resistance
 o - 7 potions of flight
 q - a potion of heal wounds
 r - a potion of might
 I - a potion of berserk rage
 J - a potion of mutation
 L - a potion of cancellation
 Q - a potion of degeneration
 R - a potion of attraction
Miscellaneous
 S - a piece from Xom's chessboard (15/15)


   Skills:
 - Level 9.0 Fighting
 - Level 4.0 Maces & Flails
 - Level 1.5 Dodging
 - Level 2.1 Stealth
 - Level 9.9 Spellcasting
 - Level 11.2 Conjurations
 - Level 0.7 Transmutations
 + Level 6.8 Fire Magic
 - Level 12.8 Earth Magic


You had 23 spell levels left.
You knew the following spells:

 Your Spells              Type           Power      Damage    Failure   Level
a - Sandblast             Erth           100%       2d20      1%          1
b - Stone Arrow           Conj/Erth      100%       3d13      1%          3
c - Sticky Flame          Conj/Fire      66%        2d8       1%          4

Your spell library contained the following spells:

 Spells                   Type           Power      Damage    Failure   Level
 Passwall                 Tmut/Erth      33%        N/A       1%          2
 Static Discharge         Conj/Air       35%        N/A       1%          2
 Petrify                  Tmut/Erth      40%        N/A       3%          4
 Animate Armour           Summ/Erth      78%        N/A       4%          4
 Leda's Liquefaction      Hex/Erth       19%        N/A       4%          4
 Lightning Bolt           Conj/Air       17%        1d32      4%          5
 Call Canine Familiar     Summ           10%        N/A       19%         3
 Portal Projectile        Hex/Tloc       20%        N/A       19%         3
 Conjure Ball Lightning   Conj/Air       17%        3x3d6     24%         6
 Lehudib's Crystal Spear  Conj/Erth      29%        10d8      54%         8
 Metabolic Englaciation   Hex/Ice        5%         N/A       86%         5
 Discord                  Hex            5%         N/A       100%        8
 Disjunction              Tloc           5%         N/A       100%        8
 Maxwell's Capacitive Co  Air            5%         ∞         100%        8
 Statue Form              Tmut/Erth      Unusable   N/A       N/A         6

Dungeon Overview and Level Annotations

Branches:
Dungeon (10/15)            Temple (1/1) D:6            Lair (5/6) D:9
 Shoals (1/4) Lair:3       Spider (0/4) Lair:4        Sewer (visited)
  Slime: Lair:5-6       Orc: D:9-12

Altars:
Ashenzari
Cheibriados
Dithmenos
Elyvilon
Fedhas
Gozag
Hepliaklqana
Kikubaaqudgha
Makhleb
Nemelex Xobeh
Okawaru
Qazlal
Ru
Sif Muna
Trog
Uskayaw
Vehumet
Wu Jian
Xom
Yredelemnul
Zin
The Shining One

Annotations:
D:2 Sigmund
D:9 3 runed translucent doors
Lair:2 exclusion: 3 oklob plants
Lair:4 exclusion: oklob plant


Innate Abilities, Weirdness & Mutations

You are immune to sickness and miasma.
Your stone body is resilient. (AC +9)
You are immune to poison.
You resist negative energy. (rN+)
You are resistant to electric shocks. (rElec)
You are resistant to unholy torment.
You are immune to petrification.


Message History

You slash the hell rat!
You kill the hell rat!
Vehumet accepts your kill. The hell rat bites you.
You slash the hell rat!
The hell rat is heavily wounded.
The hell rat bites you but does no damage.
The hell rat bites you.
You slice the hell rat!!
You kill the hell rat!
Vehumet accepts your kill. The hell rat bites you!
The hell rat closely misses you.
You are too injured to fight recklessly!
You are too injured to fight recklessly!
You are too injured to fight recklessly!
You are too injured to fight recklessly!
You are too injured to fight recklessly!
You slash the hell rat!
The hell rat is heavily wounded.
The hell rat bites you!
* * * LOW HITPOINT WARNING * * *
The hell rat bites you but does no damage.
You slash the hell rat!
You kill the hell rat!
Vehumet accepts your kill. The hell rat bites you!
* * * LOW HITPOINT WARNING * * *
You closely miss the hell rat. The hell rat barely misses you.
The hell rat bites you but does no damage.
The hell rat bites you.
* * * LOW HITPOINT WARNING * * *
Casting: Stone Arrow (safe; 1% risk of failure)
Confirm with . or Enter, or press ? or * to list all spells.
Aiming: Stone Arrow (safe; 1% risk of failure)
Press: ? - help, Shift-Dir - straight line, f - hell rat
Aim: a hell rat (78% to hit)
The stone arrow hits the hell rat.
The hell rat is moderately wounded.
The hell rat bites you!
You die...

..#P..............## #..#.
..##...............# ##.#.
...................# #....
.............P....## ###....
.....#.r...#.#...## #..#...
............#.....# ####......
................# ##(#.....^.
...............r##### #.#........
...............#@##.# #......##^.
..........P....##..####......#.#.
###..#PP.............#.....###..^
#.#####.####......#.....## #...
## #............## #..^
##.#..........# #^.#
###........#######.. ##
#..........#..##...
#.##...........#####..


You could see a hell rat.

Vanquished Creatures
  A hydra (Lair:3)
  Sonja (Lair:4)
  A lindwurm (Lair:3)
  An orb spider (Lair:4)
  An ugly thing (D:8)
  5 elephants
  2 black mambas
  8 cane toads
  5 komodo dragons
  2 rime drakes
  A polar bear (Lair:1)
  A queen bee (D:9)
  2 trolls
  12 blink frogs
  18 yaks
  3 wyverns
  3 basilisks
  3 steam dragons
  Grum (Lair:1)
  2 vampire mosquitoes (D:9)
  Edmund (D:4)
  Menkaure (D:4)
  11 water moccasins
  A floating eye (Lair:2)
  An acid dragon (D:7)
  A black bear (D:7)
  2 ice beasts
  A necrophage (D:5)
  5 orc warriors
  A sky beast (D:8)
  An ogre (D:5)
  6 centaurs
  2 wolves (Lair:1)
  2 kobold brigands
  A wyvern zombie (D:8)
  A gnoll sergeant (D:8)
  3 scorpions (D:6)
  11 bullfrogs
  11 killer bees (D:9)
  A water moccasin skeleton (D:5)
  10 wights
  2 howler monkeys
  4 electric eels
  A centaur zombie (D:7)
  A bullfrog zombie (D:5)
  3 hounds
  A jelly (D:5)
  5 orc priests
  A gnoll shaman (D:8)
  3 bullfrog skeletons
  An iguana (D:4)
  6 hell rats (Lair:4)
  14 orc wizards
  A killer bee zombie (D:7)
  3 gnolls
  4 adders
  A shadow imp (D:8)
  2 white imps (D:5)
  2 adder skeletons (D:4)
  2 worms
  A dart slug (D:2)
  32 orcs
  7 bats
  12 endoplasms
  5 giant cockroaches (D:4)
  4 goblins
  6 hobgoblins
  10 jackals
  8 quokkas
  8 ball pythons
  6 frilled lizards
  18 kobolds
  12 rats
333 creatures vanquished.

Vanquished Creatures (others)
  A vampire (D:8)
  A white imp (D:6)
  31 fungi
  70 plants
103 creatures vanquished.

Grand Total: 436 creatures vanquished

Notes
Turn   | Place    | Note
-------+----------+-------------------------------------------
     0 | D:1      | Karpo the Gargoyle Earth Elementalist began the quest for
                  | the Orb.
     0 | D:1      | Reached XP level 1. HP: 10/10 MP: 3/3
   214 | D:2      | Noticed Sigmund
   525 | D:1      | Reached XP level 2. HP: 15/15 MP: 5/5
   551 | D:1      | Reached skill level 4 in Earth Magic
  1226 | D:1      | Reached XP level 3. HP: 16/19 MP: 6/6
  1230 | D:1      | Learned a level 3 spell: Stone Arrow
  1291 | D:1      | Found a faded altar of an unknown god.
  2120 | D:2      | Reached skill level 1 in Conjurations
  2492 | D:2      | Reached XP level 4. HP: 24/24 MP: 6/8
  3064 | D:3      | Reached skill level 5 in Earth Magic
  3064 | D:3      | Reached XP level 5. HP: 28/28 MP: 5/9
  3438 | D:4      | Reached XP level 6. HP: 22/32 MP: 9/11
  3734 | D:4      | Found a glowing drain.
  3761 | Sewer    | Entered a sewer
  4092 | Sewer    | Found a white marble altar of Elyvilon.
  4702 | D:3      | Found a basalt altar of Yredelemnul.
  5145 | D:4      | Noticed Menkaure
  5147 | D:4      | Reached skill level 6 in Earth Magic
  5153 | D:4      | Killed Menkaure
  5154 | D:4      | Reached XP level 7. HP: 36/36 MP: 3/13
  5505 | D:4      | Noticed Edmund
  5509 | D:4      | Killed Edmund
  5510 | D:4      | Reached skill level 1 in Fighting
  5601 | D:5      | Entered Level 5 of the Dungeon
  6082 | D:5      | Noticed a troll
  6092 | D:5      | Killed a troll
  6093 | D:5      | Reached skill level 1 in Maces & Flails
  6093 | D:5      | Reached skill level 7 in Earth Magic
  6093 | D:5      | Reached XP level 8. HP: 35/44 MP: 1/15
  6356 | D:5      | Reached skill level 5 in Spellcasting
  6573 | D:5      | Reached skill level 5 in Conjurations
  8076 | D:6      | Reached XP level 9. HP: 43/52 MP: 15/17
  8135 | D:6      | Identified the +7 rapier "Ocumel" {venom, rC+ SInv}
  8175 | D:6      | Reached skill level 8 in Earth Magic
  8843 | D:6      | Found a staircase to the Ecumenical Temple.
  8854 | Temple   | Entered the Ecumenical Temple
  8905 | Temple   | Became a worshipper of Vehumet
 10254 | D:7      | Reached skill level 9 in Earth Magic
 10444 | D:8      | Noticed a red ugly thing
 10444 | D:8      | Noticed a troll
 10746 | D:8      | Killed a red ugly thing
 10747 | D:8      | Reached XP level 10. HP: 56/56 MP: 7/20
 11091 | D:8      | Reached skill level 10 in Earth Magic
 11728 | D:8      | Reached * piety under Vehumet
 11728 | D:8      | Offered knowledge of Magic Dart by Vehumet.
 12101 | D:8      | Identified the +7 executioner's axe "Fito" {drain, Str+2
                  | Stlth+}
 12358 | D:8      | Reached skill level 5 in Fighting
 13067 | D:9      | Found a runed translucent gate.
 13068 | D:9      | Found a runed translucent gate.
 13068 | D:9      | Found a runed translucent gate.
 13073 | D:9      | Noticed a green ugly thing
 13074 | D:9      | Noticed a purple ugly thing
 13074 | D:9      | Noticed a cyan ugly thing
 13074 | D:9      | Noticed a purple ugly thing
 13483 | D:10     | Entered Level 10 of the Dungeon
 14383 | D:9      | Reached ** piety under Vehumet
 14385 | D:9      | Offered knowledge of Searing Ray by Vehumet.
 14588 | D:9      | Reached XP level 11. HP: 23/64 MP: 15/23
 14793 | D:9      | Reached skill level 11 in Earth Magic
 15451 | D:9      | Found a staircase to the Lair.
 15466 | Lair:1   | Entered Level 1 of the Lair of Beasts
 16333 | Lair:1   | Noticed Grum
 16367 | Lair:1   | Killed Grum
 17222 | Lair:2   | Reached skill level 10 in Conjurations
 17284 | Lair:3   | Found a staircase to the Shoals.
 17572 | Lair:2   | Noticed a catoblepas
 17585 | Lair:2   | Noticed an oklob plant
 18030 | Lair:2   | Noticed an oklob plant
 18033 | Lair:2   | Noticed an oklob plant
 18292 | Lair:3   | Noticed a lindwurm
 18301 | Lair:3   | Killed a lindwurm
 18457 | Lair:3   | Reached skill level 12 in Earth Magic
 18492 | Lair:3   | Offered knowledge of Poisonous Vapours by Vehumet.
 18540 | Lair:3   | Noticed a four-headed hydra
 18677 | Lair:3   | Killed a four-headed hydra
 18678 | Lair:3   | Reached XP level 12. HP: 64/73 MP: 15/25
 19302 | Lair:3   | Reached *** piety under Vehumet
 19564 | Shoals:1 | Entered Level 1 of the Shoals
 20770 | Lair:4   | Offered knowledge of Sticky Flame by Vehumet.
 20778 | Lair:3   | Learned a level 4 spell: Sticky Flame
 20856 | Lair:4   | Reached skill level 1 in Fire Magic
 21156 | Lair:4   | Found a hole to the Spider Nest.
 21661 | Lair:4   | Reached skill level 5 in Fire Magic
 21867 | Lair:4   | Noticed Sonja
 21874 | Lair:4   | Killed Sonja
 22132 | Lair:4   | Reached **** piety under Vehumet
 22133 | Lair:4   | Reached XP level 13. HP: 43/80 MP: 24/26
 22415 | Lair:4   | Slain by a hell rat

Illustrated notes

Levels and vault maps discovered:
D:1:      lemuel_arrival_funnel, layout_basic, chequers_ecumenical_altar_simple,
          minmay_heptomino_o4
D:2:      minmay_inner_zag, layout_basic, uniq_sigmund
D:3:      layout_rooms, mainiacjoe_overflow_cross_hatched
D:4:      layout_loops_cross, gup_sewer_entry_pipe, hangedman_decor_push,
          uniq_menkaure, uniq_edmund
D:5:      layout_cave_pods, st_stairs_5
D:6:      cheibrodos_helix_gallery, layout_loops_ring, minmay_temple_entry_fiery
D:7:      layout_loops_ring
D:8:      cheibrodos_fzero, layout_loops_corners
D:9:      layout_long_grid, dpeg_oklobed_lair,
          ploomutoo_gammafunk_ghost_potion_laboratory,
          hangedman_abyss_or_decor_lesser_grid, nicolae_looking_at_the_future
D:10:     layout_loops_cross, serial_shops, shop
Temple:   compressed_dpeg_triangle_lava_temple
Lair:1:   layout_gridlike, lemuel_fruit_fields, infiniplex_staircase_pool,
          lemuel_fruit_tree, serial_bayou_shore_a, uniq_grum
Lair:2:   layout_chaotic_city, disabler_island
Lair:3:   layout_regular_city, shoals_dummy_entry, guppyfry_lair_drakes
Lair:4:   layout_hall_layers, nicolae_spider_entry_orb_guardian,
          infiniplex_staircase_pool_2, minmay_lair_oklob_chamber,
          grunt_megastairs_1, uniq_sonja
Lair:5:   minmay_guarded_unrand_snakebite, layout_hall_layers, uniq_rupert,
          uniq_kirke
Shoals:1: layout_shoals

Skill      XL: |  1  2  3  4  5  6  7  8  9 10 11 12 |
---------------+-------------------------------------+-----
Earth Magic    | 4 5 6 7 9 10 12 | 12.8
Conjurations   | 1 2 4 5 7 9 10 11 | 11.2
Spellcasting   | 3 4 5 7 8 9 |  9.9
Fighting       | 2 3 6 8 9 |  9.0
Maces & Flails | 1 3 4 |  4.0
Fire Magic     | 6 |  6.8
Dodging        | |  1.5
Stealth        | |  2.1
Transmutations | |  0.7

Action                   |  1- 3 |  4- 6 |  7- 9 | 10-12 | 13-15 || total
-------------------------+-------+-------+-------+-------+-------++-------
Melee: Mace              |    35 |       |       |       |       ||    35
       Rapier            |   112 |   129 |    48 |    59 |       ||   348
       Flail             |       |       |   108 |       |       ||   108
       Executioner's axe |       |       |       |   274 |    18 ||   292
 Cast: Sandblast         |    17 |    21 |    17 |     6 |       ||    61
       Stone Arrow       |       |    11 |    67 |   177 |     1 ||   256
       Sticky Flame      |       |       |       |     2 |       ||     2
  Use: Scroll            |       |     4 |     4 |    12 |       ||    20
       Potion            |       |     1 |       |     4 |       ||     5
 Stab: Sleeping          |     2 |     2 |       |     3 |       ||     7
Armor: Robe              |    58 |    65 |   108 |   171 |       ||   402
       Steam dragon scal |       |       |       |    89 |    11 ||   100
Dodge: Dodged            |   112 |    70 |   128 |   348 |     9 ||   667
